 Dungeon Crawl Stone Soup version 0.28.0-43-g3370ac3207 (webtiles) character file.

Game seed: 6901040571006177381

2432 Ablot the Magician (level 9, -2/70 HPs)
             Began as a Gnoll Warper on Mar 19, 2022.
             Was a Follower of Okawaru.
             Slain by a gnoll
             ... wielding a +0 whip of electrocution
              (13 damage)
             ... on level 7 of the Dungeon.
             The game lasted 00:16:22 (8536 turns).

Ablot the Magician (Gnoll Warper)                   Turns: 8536, Time: 00:16:23

Health: -2/70      AC:  6    Str: 22    XL:     9   Next: 48%
Magic:  19/19      EV: 14    Int: 12    God:    Okawaru [*.....]
Gold:   234        SH:  0    Dex: 13    Spells: 19/21 levels left

rFire   . . .      SeeInvis .   a - +8 spear "Deruecu" {flame, Str+2}
rCold   + . .      Faith    .   (no shield)
rNeg    . . .      Spirit   .   b - +0 leather armour {rPois}
rPois   +          Reflect  .   r - +0 helmet
rElec   .          Harm     .   (no cloak)
rCorr   .          Rampage  .   (no gloves)
Will    .....                   m - +0 pair of boots
Stlth   ++........              q - amulet of magic regeneration
HPRegen 0.21/turn               A - +6 ring of strength
MPRegen 0.56/turn               P - ring of protection from cold

@: no status effects
A: fangs 1, strong nose, distributed training
a: Renounce Religion, Heroism


You were on level 7 of the Dungeon.
You worshipped Okawaru.
Okawaru was aware of your devotion.
You visited 2 branches of the dungeon, and saw 9 of its levels.
You also visited: Ossuary.

You collected 585 gold pieces.
You spent 351 gold pieces at shops.

Inventory:

Hand Weapons
 a - the +8 spear "Deruecu" (weapon) {flame, Str+2}
   (You bought it in a shop on level 2 of the Dungeon)

   It burns those it strikes, dealing additional fire damage.
   Str:       It affects your strength (+2).
 s - a +1 hunting sling of flaming
 M - a +6 flail of venom
Missiles
 d - 5 boomerangs of dispersal
 f - 203 stones (quivered)
 h - 83 arrows
 l - 9 poisoned darts
 B - 44 bolts
Armour
 b - a +0 leather armour of poison resistance (worn)
 m - a +0 pair of boots (worn)
 r - a +0 helmet (worn)
 E - a +0 buckler
 G - +0 steam dragon scales
Magical Staves
 x - a staff of conjuration
Jewellery
 q - an amulet of magic regeneration (around neck)
 A - a +6 ring of strength (left hand)
 C - a ring of see invisible
 P - a ring of protection from cold (right hand)
Wands
 t - a wand of paralysis (2)
 H - a wand of flame (29)
 L - a wand of charming (9)
 O - a wand of acid (7)
Scrolls
 c - 3 scrolls of blinking
 e - a scroll of fear {unknown}
 j - 4 scrolls of fog
 k - a scroll of silence {unknown}
 o - 5 scrolls of teleportation
 p - a scroll of torment {unknown}
 w - 2 scrolls of magic mapping
 y - a scroll of vulnerability {unknown}
 D - a scroll of enchant armour {unknown}
Potions
 g - a potion of haste
 i - 7 potions of curing
 n - 3 potions of might
 u - 3 potions of lignification
 v - 3 potions of cancellation
 z - 2 potions of heal wounds
 F - 2 potions of invisibility
 I - 3 potions of attraction
 J - a potion of brilliance
 K - 2 potions of mutation {unknown}
 N - a potion of flight {unknown}


   Skills:
 + Level 6.3 Fighting
 + Level 4.3 Short Blades
 + Level 4.3 Long Blades
 + Level 4.3 Axes
 + Level 4.3 Maces & Flails
 + Level 6.3 Polearms
 + Level 4.3 Staves
 + Level 4.3 Slings
 + Level 4.3 Bows
 + Level 4.3 Crossbows
 + Level 5.1 Throwing
 + Level 5.1 Armour
 + Level 6.3 Dodging
 + Level 4.3 Stealth
 + Level 4.3 Shields
 + Level 4.3 Unarmed Combat
 + Level 6.6 Spellcasting
 + Level 3.5 Conjurations
 + Level 3.5 Hexes
 + Level 3.5 Summonings
 + Level 3.5 Necromancy
 + Level 6.6 Translocations
 + Level 3.5 Transmutations
 + Level 3.5 Fire Magic
 + Level 3.5 Ice Magic
 + Level 3.5 Air Magic
 + Level 3.5 Earth Magic
 + Level 3.5 Poison Magic
 + Level 4.7 Invocations
 + Level 4.3 Evocations


You had 19 spell levels left.
You knew the following spells:

 Your Spells              Type           Power      Damage    Failure   Level
a - Blink                 Tloc           38%        N/A       1%          2

Your spell library contained the following spells:

 Spells                   Type           Power      Damage    Failure   Level
 Gell's Gravitas          Tloc           19%        N/A       3%          3
 Lesser Beckoning         Tloc           19%        N/A       3%          3
 Teleport Other           Tloc           19%        N/A       3%          3
 Ozocubu's Armour         Ice            12%        N/A       14%         3
 Stone Arrow              Conj/Erth      24%        3d8       14%         3
 Manifold Assault         Tloc           19%        N/A       34%         5
 Ozocubu's Refrigeration  Ice            6%         4d6       100%        7
 Lehudib's Crystal Spear  Conj/Erth      6%         10d3      100%        8
 Animate Armour           Summ/Erth      Unusable   N/A       N/A         4

Dungeon Overview and Level Annotations

Branches:
Dungeon (8/15)             Temple (1/1) D:6         Ossuary (visited)
   Lair: D:8-11

Altars:
Ashenzari
Dithmenos
Hepliaklqana
Kikubaaqudgha
Makhleb
Nemelex Xobeh
Okawaru
Qazlal
Ru
Trog
Uskayaw
Wu Jian
Yredelemnul
Zin
The Shining One

Shops:
D:1 ?   D:2 (   D:4 !

Annotations:
D:3 2 transporters


Innate Abilities, Weirdness & Mutations

You have very sharp teeth.
Your uncanny sense of smell can sniff out nearby items.
Your experience applies equally to all skills.


Message History

There is a stone staircase leading up here.
You climb upwards.
There is a stone staircase leading down here.
You puncture the gnoll! You burn the gnoll. Your bite misses the gnoll.
The gnoll is almost dead.
You hit the gnoll. You burn the gnoll.
You kill the gnoll!
Okawaru accepts your kill.
You start resting.
HP restored.
Things that are here:
a +0 whip; a gnoll corpse
There is a stone staircase leading down here.
You climb downwards.
The gnoll hits you with a +0 whip of electrocution.
The gnoll closely misses you. The steam dragon breathes steam at you.
The ball of steam hits you!
The gnoll hits you with a +0 whip of electrocution.
You are electrocuted!
There is a stone staircase leading up, spattered with blood here.
You are engulfed in a cloud of scalding steam.
The gnoll barely misses you.
The gnoll hits you with a +0 whip of electrocution.
* * * LOW HITPOINT WARNING * * *
You climb upwards.
There is a stone staircase leading down here.
You hit the gnoll. You burn the gnoll.
The gnoll is severely wounded.
The gnoll hits you with a +0 flail.
* * * LOW HITPOINT WARNING * * *
The gnoll hits you with a +0 whip of electrocution.
* * * LOW HITPOINT WARNING * * *
You hit the gnoll. You burn the gnoll.
The gnoll is almost dead.
The gnoll misses you.
The gnoll hits you with a +0 whip of electrocution.
* * * LOW HITPOINT WARNING * * *
You are electrocuted!
You die...

#.........###.#
#..[......###..
#..............
#.........###..
#.........# ##.
##.......#####.
##....).......
##############....#..
##..g@g.## #.)....#...
##...)....###)###.....#
#...........)........##
#..........#.####....#.
#......................
#..........######......
#..........# #....##
##........#######....##
##......<..............


You could see 2 gnolls.

Vanquished Creatures
  3 steam dragons
  Edmund (D:6)
  2 ice beasts
  4 sky beasts
  An orc warrior (D:7)
  A centaur (D:7)
  A kobold brigand (D:6)
  A phantom (D:6)
  A wyvern zombie (D:7)
  A scorpion (D:4)
  A howler monkey (D:6)
  A bullfrog zombie (D:5)
  2 centaur zombies (D:7)
  3 jellies
  2 orc priests
  2 bullfrog skeletons
  3 hounds
  A centaur skeleton (D:5)
  2 gnoll shamans
  Ijyb (D:3)
  2 hound skeletons (D:4)
  8 mummies (Ossuary)
  A howler monkey zombie (D:7)
  Robin (D:2)
  13 gnolls
  2 adders
  A white imp (D:7)
  A worm (D:4)
  2 dart slugs (D:4)
  10 orcs
  7 endoplasms
  4 giant cockroaches
  21 goblins
  5 hobgoblins
  3 jackals (D:2)
  18 kobolds
  2 quokkas
  5 ball pythons
  6 bats
  A gnoll zombie (Ossuary)
  2 hobgoblin zombies
  5 kobold zombies (Ossuary)
  An orc zombie (Ossuary)
  A quokka skeleton (D:4)
  9 rats
165 creatures vanquished.

Vanquished Creatures (others)
  A gnoll (D:7)
1 creature vanquished.

Grand Total: 166 creatures vanquished

Notes
Turn   | Place    | Note
-------+----------+-------------------------------------------
     0 | D:1      | Ablot the Gnoll Warper began the quest for the Orb.
     0 | D:1      | Reached XP level 1. HP: 20/20 MP: 6/6
   203 | D:1      | Found Wotubauj's Magic Scroll Shop.
   229 | D:1      | Reached XP level 2. HP: 21/26 MP: 7/7
   376 | D:1      | Learned a level 2 spell: Blink
   755 | D:1      | Found a faded altar of an unknown god.
   857 | D:2      | Reached XP level 3. HP: 31/31 MP: 9/9
   876 | D:2      | Reached skill level 5 in Spellcasting
   879 | D:2      | Found Piatech's Antique Weapon Shoppe.
  1032 | D:2      | Reached skill level 1 in Short Blades
  1032 | D:2      | Reached skill level 1 in Long Blades
  1032 | D:2      | Reached skill level 1 in Axes
  1032 | D:2      | Reached skill level 1 in Maces & Flails
  1032 | D:2      | Reached skill level 1 in Staves
  1032 | D:2      | Reached skill level 1 in Slings
  1032 | D:2      | Reached skill level 1 in Bows
  1032 | D:2      | Reached skill level 1 in Crossbows
  1032 | D:2      | Reached skill level 1 in Stealth
  1032 | D:2      | Reached skill level 1 in Shields
  1032 | D:2      | Reached skill level 1 in Unarmed Combat
  1032 | D:2      | Reached skill level 1 in Invocations
  1032 | D:2      | Reached skill level 1 in Evocations
  1032 | D:2      | Reached XP level 4. HP: 14/38 MP: 11/11
  1394 | D:2      | Found a hazy altar of Hepliaklqana.
  1915 | D:2      | Noticed Robin
  1920 | D:2      | Reached skill level 1 in Conjurations
  1920 | D:2      | Reached skill level 1 in Hexes
  1920 | D:2      | Reached skill level 1 in Summonings
  1920 | D:2      | Reached skill level 1 in Necromancy
  1920 | D:2      | Reached skill level 1 in Transmutations
  1920 | D:2      | Reached skill level 1 in Fire Magic
  1920 | D:2      | Reached skill level 1 in Ice Magic
  1920 | D:2      | Reached skill level 1 in Air Magic
  1920 | D:2      | Reached skill level 1 in Earth Magic
  1920 | D:2      | Reached skill level 1 in Poison Magic
  1947 | D:2      | Killed Robin
  2219 | D:3      | Noticed Ijyb
  2224 | D:3      | Paralysed by Ijyb for 2 turns
  2235 | D:2      | Reached XP level 5. HP: 25/43 MP: 12/12
  2428 | D:3      | Paralysed by Ijyb for 3 turns
  2431 | D:3      | Killed Ijyb
  2858 | D:3      | Found a transporter.
  2884 | D:3      | Found a transporter.
  3011 | D:4      | HP: 2/43 [goblin/+0 club (5)]
  3665 | D:4      | Reached XP level 6. HP: 40/50 MP: 13/13
  3751 | D:4      | Found Eduhier's Distillery.
  4100 | D:4      | Reached skill level 5 in Fighting
  4100 | D:4      | Reached skill level 5 in Polearms
  4100 | D:4      | Reached skill level 5 in Dodging
  4158 | D:5      | Entered Level 5 of the Dungeon
  4424 | D:5      | Noticed a sky beast
  4442 | D:5      | Killed a sky beast
  4443 | D:5      | Reached XP level 7. HP: 56/56 MP: 15/15
  4902 | D:4      | Bought a potion of degeneration for 12 gold pieces
  5092 | D:2      | Bought an iridescent spear for 184 gold pieces
  5092 | D:2      | Identified the +8 spear "Deruecu" {flame, Str+2} (You
                  | bought it in a shop on level 2 of the Dungeon)
  5232 | D:6      | Reached XP level 8. HP: 53/63 MP: 16/16
  5792 | D:6      | Found a sand-covered staircase.
  5792 | D:6      | Noticed Edmund
  5805 | D:6      | Killed Edmund
  5828 | Ossuary  | Entered an ossuary
  6627 | D:6      | Found a staircase to the Ecumenical Temple.
  6631 | Temple   | Entered the Ecumenical Temple
  6637 | Temple   | Became a worshipper of Warmaster Okawaru
  6809 | D:1      | Bought a scroll of identify for 28 gold pieces
  6809 | D:1      | Bought a scroll of magic mapping for 49 gold pieces
  6809 | D:1      | Bought a scroll of teleportation for 42 gold pieces
  6921 | D:4      | Bought a potion of curing for 36 gold pieces
  6987 | D:6      | Reached XP level 9. HP: 11/69 MP: 18/18
  7527 | D:7      | Reached * piety under Okawaru
  7834 | D:7      | Reached skill level 5 in Throwing
  7834 | D:7      | Reached skill level 5 in Armour
  8536 | D:7      | Slain by a gnoll

Illustrated notes

Levels and vault maps discovered:
D:1:      scummos_arrival_forest, layout_rooms,
          shapermc_ecumenical_altar_pompeii, serial_shops, shop
D:2:      layout_loops_corners, serial_shops, nicolae_shop_stone, basic_altar,
          minmay_unequal, uniq_robin
D:3:      gammafunk_steamed_eel, layout_rooms, uniq_ijyb
D:4:      layout_basic, serial_shops, nicolae_take_the_stairs
D:5:      layout_rooms, hangedman_abyss_or_decor_lesser_grid
D:6:      layout_rooms, minmay_temple_entry_glassed_door, enter_ossuary_3,
          ebering_dispersal_statue_hall, uniq_edmund
D:7:      layout_rooms
D:8:      lemuel_slime, layout_basic, minitemple, uniq_joseph
Temple:   nicolae_temple_no_exploring_needed

Skill      XL: |  1  2  3  4  5  6  7  8  9 |
---------------+----------------------------+-----
Spellcasting   | 5 6 |  6.6
Short Blades   | 1 2 3 4 |  4.3
Long Blades    | 1 2 3 4 |  4.3
Axes           | 1 2 3 4 |  4.3
Maces & Flails | 1 2 3 4 |  4.3
Staves         | 1 2 3 4 |  4.3
Slings         | 1 2 3 4 |  4.3
Bows           | 1 2 3 4 |  4.3
Crossbows      | 1 2 3 4 |  4.3
Stealth        | 1 2 3 4 |  4.3
Shields        | 1 2 3 4 |  4.3
Unarmed Combat | 1 2 3 4 |  4.3
Invocations    | 1 2 3 4 |  4.7
Evocations     | 1 2 3 4 |  4.3
Conjurations   | 1 2 3 |  3.5
Hexes          | 1 2 3 |  3.5
Summonings     | 1 2 3 |  3.5
Necromancy     | 1 2 3 |  3.5
Transmutations | 1 2 3 |  3.5
Fire Magic     | 1 2 3 |  3.5
Ice Magic      | 1 2 3 |  3.5
Air Magic      | 1 2 3 |  3.5
Earth Magic    | 1 2 3 |  3.5
Poison Magic   | 1 2 3 |  3.5
Throwing       | 3 4 5 |  5.1
Armour         | 3 4 5 |  5.1
Fighting       | 5 6 |  6.3
Polearms       | 5 6 |  6.3
Dodging        | 5 6 |  6.3
Translocations | 6 |  6.6

Action                   |  1- 3 |  4- 6 |  7- 9 || total
-------------------------+-------+-------+-------++-------
Melee: Spear             |    16 |       |   210 ||   226
       Trident           |    73 |   258 |    51 ||   382
       Bite              |     9 |    20 |    31 ||    60
       Punch             |       |     4 |     6 ||    10
Throw: Stone             |       |     4 |    12 ||    16
       Dart              |       |     1 |     9 ||    10
 Cast: Blink             |       |     1 |       ||     1
  Use: Scroll            |       |       |     9 ||     9
       Potion            |       |       |     1 ||     1
 Stab: Sleeping          |       |     4 |     3 ||     7
       Distracted        |       |       |     1 ||     1
Armor: Leather armour    |    12 |    47 |    40 ||    99
Dodge: Dodged            |    39 |   131 |   108 ||   278
